TKirby, neutral male human Priest ------- |()...| |?"[..| |)*m/(| ------ |..@@.| |....| ------- ---|--- #.....| #......| # ###|....| ###|.....| ------ # # |....-########......-# ##+....| # ### |....| ### |.....|# ------ # |....| # # ------ # -------### ------ |...(|#`##########.....| ## # ### # |..<.-#### |....|# # |....| -.----# # #[# |....| # |.....######## ------ |.....# `## # |.....## ##-....|# |....| # ##.....| # ------# |.....#%######### |....| #####`##### |.>..| ------ |....-###### ------ TKirby the Acolyte Experience level: 4 Strength: 12 Dexterity: 9 Constitution: 16 Intelligence: 9 Wisdom: 17 Charisma: 10 Health: 0(40) Energy: 52(52) Def: 3 Gold: 0 Moves: 1248 Dungeon seed: lKT_KlGOOCUIMHe3 Game ID: TKirby_1506971360 Your Inventory: Weapons a - a blessed +1 mace (weapon in hand) q - a +0 dagger x - 12 +0 darts Armor e - a +0 robe (being worn) n - a blessed +0 small shield (being worn) Comestibles c - a clove of garlic d - a sprig of wolfsbane l - a food ration r - 3 tripe rations Scrolls i - a scroll of amnesia m - a cursed scroll of identify o - a scroll of identify Spellbooks f - a spellbook of create monster g - a spellbook of cure sickness Potions b - 4 potions of holy water t - a potion of water Rings y - a ring of levitation Tools h - a magic marker (0:76) Gems z - an agate stone Spells and supernatural/magical abilities: Name Level Category Fail Memory K - cure sickness 3 healing 81% 94% O - create monster 2 clerical 0% 94% W - pray for help -- divine ? -- X - turn undead -- divine ? -- Your skills at the end: Fighting Skills Weapon Skills mace [Basic] Spellcasting Skills clerical spells [Basic] Final Attributes: You were piously aligned. You were held by a large mimic. You are dead. Vanquished creatures: a kitten a homunculus an acid blob 2 coyotes a hobbit a large kobold a gecko 2 foxes a kobold 4 goblins 5 sewer rats 2 grid bugs a lichen 6 newts 29 creatures vanquished. Voluntary challenges: You used a wielded weapon 34 times, starting on turn 8. You read items or engraved 3 times, starting on turn 981. You never genocided any monsters. You never polymorphed an object. You never changed form. You used no wishes. You never split a pudding. You never wrote Elbereth's name. You never violated your personal moral code. Dungeon overview: The Dungeons of Doom: levels 1 to 2 Level 1 a long staircase Level 2 <- You were here a general store History has recorded: On T:1 you entered the Dungeons of Doom to retrieve the Amulet of Yendor! On T:288 you advanced to experience level 2. On T:527 you reached level 2 of The Dungeons of Doom. On T:552 you advanced to experience level 3. On T:1158 you advanced to experience level 4. Score breakdown: Gold: 0 ( 0 points) Experience: 4 levels ( 9649 points) Exploration: 2 levels ( 4.26%) ( 4423 points) Discoveries: 4 items ( 1.35%) ( 3481 points) Valuables value: (no points given unless you survive) Artifact value: 0 ( 0 points) Variety of kills: 14 monsters ( 3.67%) ( 5750 points) Turncount: 1248 turns ( 0 points) Survival: died (score multiplied by 80%) Total score: 18642 Latest messages: The homunculus bites! You hit the homunculus. The homunculus bites! (2x) You hit the homunculus. The homunculus bites! You kill the homunculus! Ouch! You bump into a door. As you kick the door, it crashes open! "Hello, TKirby! Welcome again to Manlobbi's general store!" You drop a scroll of amnesia. i - a scroll of amnesia. Wait! That's a large mimic! You cannot escape from the large mimic! You miss the large mimic. The large mimic hits! You begin praying to Chih Sung-tzu. You are surrounded by a shimmering light. You feel that Chih Sung-tzu is well-pleased. You hit the large mimic! The large mimic hits! You die... Manlobbi gratefully inherits all your possessions. Final status: Goodbye TKirby the Priest, killed by a large mimic... You died in The Dungeons of Doom on dungeon level 2 with 18642 points, and 0 pieces of gold, after 1248 moves. You were level 4 with a maximum of 40 hit points when you died.